 Dungeon Crawl Stone Soup version 0.29.1-12-g30fa7ad0bf (webtiles) character file.

Game seed: 14080916820992600401

950 LustLizard the Ruffian (level 7, -6/71 HPs)
             Began as a Troll Fighter on Jan 18, 2023.
             Was a Follower of Wu Jian.
             Mangled by a two-headed ogre
             ... wielding a +0 dire flail
              (29 damage)
             ... on level 5 of the Dungeon.
             The game lasted 00:06:20 (3308 turns).

LustLizard the Ruffian (Troll Fighter)              Turns: 3308, Time: 00:06:20

Health: -6/71      AC:  7    Str: 25    XL:     7   Next: 90%
Magic:  6/6        EV:  8    Int:  6    God:    Wu Jian [*.....]
Gold:   172        SH:  8    Dex:  9    Spells: 6/6 levels left

rFire   . . .      SeeInvis .     - Unarmed
rCold   . . .      Faith    .   b - +0 kite shield
rNeg    . . .      Spirit   .   u - +0 robe {Will+}
rPois   .          Reflect  .   (helmet restricted)
rElec   .          Harm     .   e - +2 cloak {Will+}
rCorr   .          Rampage  .   (gloves unavailable)
Will    ++...                   (boots unavailable)
Stlth   +.........              (no amulet)
HPRegen 1.01/turn               (no ring)
MPRegen 0.10/turn               (no ring)

@: no status effects
A: large, unfitting armour, claws 3, regeneration 1, shaggy fur 1, tough skin 1
a: Renounce Religion


You were on level 5 of the Dungeon.
You worshipped Wu Jian.
Wu Jian was aware of your devotion.
You visited 2 branches of the dungeon, and saw 6 of its levels.

You collected 172 gold pieces.

Inventory:

Hand Weapons
 t - a +0 broad axe of freezing
Missiles
 c - a poisoned dart (quivered)
Armour
 b - a +0 kite shield (worn)
 e - a +2 cloak of willpower (worn)
 u - a +0 robe of willpower (worn)
Wands
 q - a wand of charming (11)
Scrolls
 d - a scroll of immolation {unknown}
 g - 2 scrolls of teleportation {unknown}
 i - a scroll of identify
 j - a scroll of fear {unknown}
 k - 4 scrolls of enchant weapon
 l - a scroll of poison {unknown}
 p - 2 scrolls of amnesia {unknown}
 s - 2 scrolls of enchant armour {unknown}
 w - a scroll of vulnerability {unknown}
Potions
 a - a potion of flight {unknown}
 f - 2 potions of ambrosia
 h - a potion of heal wounds
 m - 4 potions of lignification
 n - a potion of curing {unknown}
 o - a potion of cancellation {unknown}
 r - a potion of haste {unknown}
 v - 2 potions of mutation


   Skills:
 + Level 4.4 Fighting
 - Level 2.4 Dodging
 + Level 4.9 Shields
 * Level 6.7 Unarmed Combat


You had 6 spell levels left.
You didn't know any spells.
Your spell library contained the following spells:

 Spells                   Type           Power      Damage    Failure   Level
 Ignite Poison            Fire/Tmut/Pois 0%         N/A       97%         3
 Mephitic Cloud           Conj/Pois/Air  0%         N/A       97%         3
 Summon Guardian Golem    Hex/Summ       0%         N/A       97%         3
 Tukima's Dance           Hex            0%         N/A       97%         3
 Hailstorm                Conj/Ice       0%         3d3       100%        4
 Ice Form                 Ice/Tmut       0%         N/A       100%        4
 Passage of Golubria      Tloc           0%         N/A       100%        4
 Freezing Cloud           Conj/Ice/Air   0%         6-21      100%        5
 Yara's Violent Unravell  Hex/Tmut       0%         3d3       100%        5
 Simulacrum               Ice/Necr       0%         N/A       100%        6
 Orb of Destruction       Conj           0%         9d5       100%        7
 Spellforged Servitor     Conj/Summ      0%         N/A       100%        7


Dungeon Overview and Level Annotations

Branches:
Dungeon (5/15)             Temple (1/1) D:4

Altars:
Cheibriados
Elyvilon
Makhleb
Nemelex Xobeh
Okawaru
Uskayaw
Wu Jian
Xom


Innate Abilities, Weirdness & Mutations

You are too large for most types of armour.
You have claws for hands.
Your natural rate of healing is unusually fast.
You are covered in fur. (AC +1)
You have tough skin. (AC +1)


Message History

As you read the scroll of identify, it crumbles to dust.
o - 2 potions of degeneration
As you read the scroll of identify, it crumbles to dust.
v - 2 potions of mutation You drop 2 potions of degeneration.
You see here an adder corpse.
o - a bubbling emerald potion You see here 2 potions of degeneration.
A two-headed ogre comes into view.
It is wielding a +0 dire flail and a +0 giant club.
A two-headed ogre is nearby!
You throw a poisoned dart.
The poisoned dart hits the two-headed ogre.
The two-headed ogre is poisoned.
You throw a poisoned dart.
The poisoned dart hits the two-headed ogre.
You throw a poisoned dart.
The poisoned dart hits the two-headed ogre.
The two-headed ogre looks even sicker.
You throw a poisoned dart.
The poisoned dart hits the two-headed ogre.
The two-headed ogre looks even sicker.
You lunge at the two-headed ogre.
You scratch the two-headed ogre but do no damage.
The two-headed ogre is lightly wounded.
The two-headed ogre hits you with a +0 dire flail!!
The two-headed ogre barely misses you.
You claw the two-headed ogre!
The two-headed ogre is moderately wounded.
The two-headed ogre hits you with a +0 dire flail!
You block the two-headed ogre's attack.
You scratch the two-headed ogre.
The two-headed ogre is moderately wounded.
You barely miss the two-headed ogre.
The two-headed ogre is moderately wounded.
You block the two-headed ogre's attack. The two-headed ogre barely misses you.
You claw the two-headed ogre!
The two-headed ogre is heavily wounded.
The two-headed ogre hits you with a +0 dire flail!!
The two-headed ogre hits you with a +0 giant club!!
You die...

#######.. ####........
####....#####..
#>..........#.. #########
#.###.#.###.#.. ........#
#.# #....<# #.. ........#
#.# #....)..###
........#######.###.#.#.###
.((.(......O@....##.#.....
#######..........##.#...#.#
#.......†..##.###.#.#
#......!......#####.#
#...................#
#............########
#########....# #....#
#....#######


You could see a two-headed ogre (poisoned).

Vanquished Creatures
  Sigmund (D:2)
  3 ogres
  Blork the orc (D:5)
  A scorpion (D:5)
  An orc priest (D:4)
  5 iguanas
  Crazy Yiuf (D:4)
  2 orc wizards (D:5)
  3 gnolls (D:5)
  6 adders
  A white imp (D:5)
  An ufetubus (D:4)
  4 dart slugs
  4 orcs (D:5)
  6 ball pythons
  6 endoplasms
  4 giant cockroaches
  10 goblins
  5 hobgoblins
  2 jackals (D:5)
  7 kobolds
  6 quokkas
  5 bats
  A frilled lizard (D:1)
  9 rats
95 creatures vanquished.

Vanquished Creatures (others)
  3 fungi (D:4)
3 creatures vanquished.

Grand Total: 98 creatures vanquished

Notes
Turn   | Place    | Note
-------+----------+-------------------------------------------
     0 | D:1      | LustLizard the Troll Fighter began the quest for the Orb.
     0 | D:1      | Reached XP level 1. HP: 22/22 MP: 0/0
   223 | D:1      | Reached XP level 2. HP: 27/29 MP: 1/1
   233 | D:1      | Found a faded altar of an unknown god.
   536 | D:1      | Reached XP level 3. HP: 36/36 MP: 2/2
   656 | D:2      | Reached skill level 3 in Unarmed Combat
   909 | D:2      | Reached XP level 4. HP: 44/44 MP: 3/3
  1208 | D:2      | Noticed Sigmund
  1217 | D:2      | Killed Sigmund
  1218 | D:2      | Reached skill level 4 in Unarmed Combat
  1218 | D:2      | Reached XP level 5. HP: 45/53 MP: 4/4
  1437 | D:3      | Noticed an ogre
  2034 | D:3      | Killed an ogre
  2035 | D:3      | Reached XP level 6. HP: 61/61 MP: 5/5
  2059 | D:3      | Reached skill level 5 in Unarmed Combat
  2178 | D:4      | Found a staircase to the Ecumenical Temple.
  2206 | Temple   | Entered the Ecumenical Temple
  2246 | Temple   | Became a worshipper of the Wu Jian Council
  2284 | D:4      | Found a shimmering altar of Xom.
  2496 | D:4      | Found a runed translucent door.
  2497 | D:4      | Noticed Crazy Yiuf
  2750 | D:4      | Killed Crazy Yiuf
  2751 | D:4      | Reached XP level 7. HP: 63/68 MP: 6/6
  2790 | D:5      | Entered Level 5 of the Dungeon
  2935 | D:5      | Reached * piety under Wu Jian
  2990 | D:5      | Noticed Blork the orc
  2996 | D:5      | Reached skill level 6 in Unarmed Combat
  3002 | D:5      | Killed Blork the orc
  3293 | D:5      | Noticed a two-headed ogre
  3308 | D:5      | Mangled by a two-headed ogre

Illustrated notes

Levels and vault maps discovered:
D:1:      dpeg_arrival_water_fire, layout_rooms, basic_ecumenical_altar,
          serial_corexii_hall, corexii_hall_statues_deadend,
          corexii_hall_statues_s, corexii_hall_statues_s,
          chequers_hall_statues_corner_a, chequers_serial_rivers_marsh
D:2:      layout_loops_corners, uniq_sigmund
D:3:      layout_basic
D:4:      layout_rooms, xom_teletrap_fun, minmay_temple_entry_proselytizer,
          minmay_unequal, uniq_crazy_yiuf_cottage
D:5:      layout_basic, uniq_blork_the_orc
Temple:   nicolae_temple_bog_church

Skill      XL: |  1  2  3  4  5  6  7 |
---------------+----------------------+-----
Shields        | 3 4 |  4.9
Unarmed Combat | 3 4 5 6 |  6.7
Fighting       | 3 4 |  4.4
Dodging        | |  2.4

Action                   |  1- 3 |  4- 6 |  7- 9 || total
-------------------------+-------+-------+-------++-------
Melee: Unarmed           |    90 |   102 |    68 ||   260
Throw: Dart              |       |       |     4 ||     4
Invok: Lunge             |       |     4 |     6 ||    10
       Whirlwind         |       |       |     9 ||     9
  Use: Potion            |       |     1 |       ||     1
       Scroll            |       |     3 |     3 ||     6
 Stab: Sleeping          |       |     1 |       ||     1
Armor: Robe              |    43 |    31 |    17 ||    91
Dodge: Dodged            |    29 |    39 |    20 ||    88
Block: Kite shield       |    53 |    41 |    19 ||   113
